 Dungeon Crawl Stone Soup version 0.15-a0-1854-g6489380 (console) character file.

112 donnie the Insei (level 4, 0/23 HPs)
             Began as a Vine Stalker Monk on July 3, 2014.
             Slain by an ogre
             ... wielding a +0 giant club
              (23 damage)
             ... on Level 4 of the Dungeon.
             The game lasted 00:02:59 (703 turns).

donnie the Insei (Vine Stalker Monk)                 Turns: 703, Time: 00:02:59

HP   0/23        AC  3     Str 18      XL: 4   Next: 95%
MP   0/5         EV 13     Int 10      God:
Gold 119         SH  0     Dex 17      Spells:  0 memorised,  3 levels left

rFire  . . .     SeeInvis .       - Unarmed
rCold  . . .     Clarity  .     a - +0 robe
rNeg   . . .     rCorr    .     (no shield)
rPois  .         rRot     +     (no helmet)
rElec  .         Spirit   +     j - +0 cloak
SustAb .         Warding  .     (no gloves)
rMut   .         Stasis   .     (no boots)
Gourm  .                        (no amulet)
MR     .....                    (no ring)
                                g - +4 ring of strength

@: not resistant to hostile enchantments, unstealthy
A: fangs 2, regeneration 1, magic shield, antimagic bite, no device heal 3, rot
immunity
a: no special abilities


You were on level 4 of the Dungeon.
You were not hungry.

You visited 1 branch of the dungeon, and saw 4 of its levels.

You collected 119 gold pieces.

Inventory:

Armour
 a - a +0 robe (worn)
 j - a +0 cloak (worn)
Comestibles
 b - 2 bread rations
Scrolls
 d - 4 scrolls of identify {unknown}
 h - 2 scrolls of enchant armour {unknown}
 i - a scroll of remove curse {unknown}
Jewellery
 g - a +4 ring of strength (left hand)
 m - an uncursed amulet of resist mutation
Potions
 c - a potion of cure mutation {unknown}
 e - 2 potions of curing {unknown}
 f - 2 potions of might {unknown}
 k - 4 potions of flight {unknown}
 l - a potion of brilliance {unknown}


   Skills:
 - Level 2.6 Fighting
 - Level 2.4 Dodging
 - Level 2.4 Stealth
 + Level 6.1 Unarmed Combat


You had 3 spell levels left.
You didn't know any spells.

Dungeon Overview and Level Annotations

Branches:
Dungeon (4/15)
 Temple: D:4-7

Altars:
Nemelex Xobeh


Innate Abilities, Weirdness & Mutations

You have extremely sharp teeth.
Your natural rate of healing is unusually fast.
When hurt, damage is shared between your health and your magic reserves.
Your bite disrupts and absorbs the magic of your enemies.
Potions and wands cannot restore your health.
You are immune to rotting.


Message History

You punch the scorpion! You punch the scorpion.
You kill the scorpion!
Your Unarmed Combat skill increases to level 6!
You see here a scorpion corpse.
Found a stone staircase leading down.
Found a square diamond amulet.
m - a square diamond amulet Put on which piece of jewellery? (? for menu, Esc to quit)
m - an amulet of resist mutation (around neck) Remove which piece of jewellery? (? for menu, Esc to quit)
You remove your amulet of resist mutation.
You open the door.
There is an open door here.
You open the door.
An ogre comes into view. It is wielding a giant club.
Found a falchion.
The ogre shouts!
The ogre hits you with a giant club!!
Ouch! That really hurt!
You die...

#). #.. #.. ####. #....
####### #.### .......
###### #.#.(
........######....###.###
........@....'...........
..##..)O######....#######
#.... #....# ##### ######


You could see an ogre.

Vanquished Creatures
  A scorpion (D:4)
  A worker ant (D:4)
  An adder (D:2)
  A giant gecko (D:2)
  6 bats
  2 hobgoblins
  3 jackals (D:1)
  6 kobolds
  A ball python (D:1)
  5 giant newts
  3 goblins
  3 rats (D:1)
33 creatures vanquished.

Notes
Turn   | Place    | Note
--------------------------------------------------------------
     0 | D:1      | donnie, the Vine Stalker Monk, began the quest for the Orb.
     0 | D:1      | Reached XP level 1. HP: 11/11 MP: 1/1
   156 | D:1      | Reached XP level 2. HP: 13/16 MP: 3/3
   336 | D:1      | Reached XP level 3. HP: 17/19 MP: 4/4
   457 | D:2      | Found a sparkling altar of Nemelex Xobeh.
   475 | D:2      | Reached skill level 5 in Unarmed Combat
   648 | D:4      | Reached XP level 4. HP: 20/23 MP: 3/5
   662 | D:4      | Noticed a scorpion
   672 | D:4      | Killed a scorpion
   672 | D:4      | Reached skill level 6 in Unarmed Combat
   702 | D:4      | Noticed an ogre
   703 | D:4      | Slain by an ogre

Action                   |  1- 3 |  4- 6 || total
-------------------------+-------+-------++-------
Melee: Unarmed           |    71 |     1 ||    72
 Stab: Sleeping          |     2 |     1 ||     3
